 Dungeon Crawl Stone Soup version 0.26-a0-70-g31f1466007 (webtiles) character file.

Game seed: 15877806900474073182

53 Arctilankyr the Skirmisher (level 3, 0/54 HPs)
             Began as a Naga Berserker on June 14, 2020.
             Was a Follower of Trog.
             Shot with an arrow by a centaur (6 damage)
             ... on level 2 of the Dungeon.
             The game lasted 00:04:28 (667 turns).

Arctilankyr the Skirmisher (Naga Berserker)          Turns: 667, Time: 00:04:29

Health: 0/54       AC:  5    Str: 20    XL:     3   Next: 87%
Magic:  3/3        EV:  5    Int:  7    God:    Trog [*.....]
Gold:   22         SH:  4    Dex:  6    Spells: 2/2 levels left

rFire    . . .     SeeInvis +   j - +3 short sword (speed)
rCold    . . .     Gourm    .   (no shield)
rNeg     . . .     Faith    .   h - +0 chain mail
rPois    +         Spirit   .   (no helmet)
rElec    .         Reflect  .   (no cloak)
rCorr    .         Harm     .   (no gloves)
MR       .....                  (no barding)
Stlth    ..........             (no amulet)
HPRegen  0.18/turn              g - -4 ring of dexterity (curse)
MPRegen  0.08/turn              (no ring)

@: berserking, quick
A: large, large bone plates 1, see invisible, deformed body, mutation resistance
1, poison resistance, slowness 2, slow metabolism 1, spit poison 1, AC +1
a: Spit Poison, Berserk, Renounce Religion


You were on level 2 of the Dungeon.
You worshipped Trog.
Trog was aware of your devotion.
You were very hungry.

You visited 1 branch of the dungeon, and saw 2 of its levels.

You collected 22 gold pieces.

Inventory:

Hand Weapons
 a - a +0 spear
 j - a +3 short sword of speed (weapon)
Armour
 b - a +0 animal skin
 h - a +0 chain mail (worn)
Jewellery
 g - a cursed -4 ring of dexterity (left hand)
Scrolls
 e - 2 scrolls of immolation
 k - a scroll of identify
Potions
 d - 3 potions of invisibility {unknown}
 f - a potion of curing {unknown}
 l - a potion of lignification {unknown}
Comestibles
 c - 2 rations
 i - a chunk of flesh


   Skills:
 * Level 4.0 Fighting
 + Level 0.1 Short Blades
 + Level 3.6 Polearms
 * Level 1.8 Armour
 - Level 1.5 Dodging
 + Level 0.1 Stealth


You had 2 spell levels left.
You didn't know any spells.
Your spell library was empty.

Dungeon Overview and Level Annotations

Branches:
Dungeon (2/15)

Altars:


Innate Abilities, Weirdness & Mutations

You cannot wear boots.
Your serpentine skin is tough. (AC +1)
You have supernaturally acute eyesight. (SInv)
Armour fits poorly on your strangely shaped body.
Your system is resistant to poisons. (rPois)
You cover ground very slowly.
You have a slow metabolism.
You can spit poison.
You are partially covered in large bone plates. (SH +4)
You are somewhat resistant to further mutation.


Message History

You barely miss the goblin.
The centaur shoots an arrow.
The arrow hits you. The goblin barely misses you.
You closely miss the goblin.
The centaur shoots an arrow.
The arrow hits you!
The centaur shoots an arrow.
The arrow barely misses you. The goblin barely misses you.
The centaur shoots an arrow.
The arrow barely misses you. The goblin hits you with a +0 dagger.
You see here 2 arrows.
You hit the goblin.
You kill the goblin!
Trog accepts your kill.
The centaur shoots an arrow.
The arrow hits you!
* * * LOW HITPOINT WARNING * * *
You see here an arrow.
A red film seems to cover your vision as you go berserk!
You feel yourself moving faster!
You feel mighty!
You are feeling very hungry.
The centaur shoots an arrow.
You block the arrow.
You feel a strong urge to attack something.
The centaur shoots an arrow.
The arrow hits you.
You die...

.. #..............
.##.###......######
.........###.#
#.......###.#
#..###..#...# ..
###..#.#.#
#.......(#
#....(...#
#.##.)#@#.#.....
#.....()#.# .###
##.....c..# #
#.#<.#..##
...#..#..#
.........?.
.....####.##. .###.
#.# .# # ...


c You could see a centaur.

Vanquished Creatures
  Jessica (D:2)
  An ooze (D:1)
  A leopard gecko (D:1)
  3 bats (D:1)
  5 goblins
  A hobgoblin (D:1)
  A ball python (D:1)
  4 kobolds (D:1)
  5 rats (D:1)
22 creatures vanquished.

Notes
Turn   | Place    | Note
-------+----------+-------------------------------------------
     0 | D:1      | Arctilankyr the Naga Berserker began the quest for the Orb.
     0 | D:1      | Reached XP level 1. HP: 21/21 MP: 1/1
   101 | D:1      | Gained mutation: You are surrounded by a mild repulsion
                  | field. (EV +2) [potion of mutation]
   101 | D:1      | Lost mutation: You are surrounded by a mild repulsion
                  | field. (EV +2) [potion of mutation]
   101 | D:1      | Gained mutation: You are frail. (-10% HP) [potion of
                  | mutation]
   101 | D:1      | Gained mutation: You expend magic power (3 MP) to
                  | strengthen your wands. [potion of mutation]
   102 | D:1      | Lost mutation: You expend magic power (3 MP) to strengthen
                  | your wands. [potion of mutation]
   102 | D:1      | Lost mutation: You are frail. (-10% HP) [potion of
                  | mutation]
   102 | D:1      | Gained mutation: You are partially covered in large bone
                  | plates. (SH +4) [potion of mutation]
   102 | D:1      | Gained mutation: You are somewhat resistant to further
                  | mutation. [potion of mutation]
   137 | D:1      | Reached XP level 2. HP: 2/28 MP: 2/2
   562 | D:1      | Reached XP level 3. HP: 33/36 MP: 3/3
   652 | D:2      | Noticed Jessica
   654 | D:2      | Noticed a centaur
   656 | D:2      | Killed Jessica
   656 | D:2      | Reached skill level 4 in Fighting
   667 | D:2      | Shot with an arrow by a centaur

Illustrated notes

Levels and vault maps discovered:
D:1:      dpeg_arrival_tiny_a, layout_loops_ring
D:2:      layout_loops_cross, uniq_jessica, uniq_sigmund, uniq_natasha

Skill      XL: |  1  2  3 |
---------------+----------+-----
Fighting       | 4 |  4.0
Short Blades   | |  0.1
Polearms       | |  3.6
Armour         | |  1.8
Dodging        | |  1.5
Stealth        | |  0.1

Action                   || total
-------------------------++-------
Melee: Spear             ||    76
       Short sword       ||    13
Invok: Berserk           ||     2
  Use: Scroll            ||     2
       Potion            ||     2
Armor: Animal skin       ||     8
       Chain mail        ||    22
Dodge: Dodged            ||    49
Block: Other             ||    14

Table legend:
 A = Non-vault XP
 B = Vault XP
 C = Vault XP percentage of total XP
 D = Non-vault monster count
 E = Vault monster count
 F = Vault count percentage of total count
                 A         B        C        D         E       F
            +---------+---------+-------+---------+---------+-------
      Total |      39 |      37 |  48.7 |      21 |       1 |   4.5
            +---------+---------+-------+---------+---------+-------
        D:1 |      35 |       0 |   0.0 |      19 |       0 |   0.0
        D:2 |       4 |      37 |  90.2 |       2 |       1 |  33.3
            +---------+---------+-------+---------+---------+-------
